 Dungeon Crawl Stone Soup version 0.28.0-47-ge53b351184 (webtiles) character file.

Game seed: 14186816343276998322

239 CryoSword the Firebug (level 5, -3/38 HPs)
             Began as a Demonspawn Fire Elementalist on Apr 28, 2022.
             Was an Initiate of Ru.
             Killed from afar by an orc wizard (10 damage)
             ... with a puff of flame
             ... on level 3 of the Dungeon.
             The game lasted 00:04:43 (3450 turns).

CryoSword the Firebug (DsFE)                        Turns: 3450, Time: 00:04:44

Health: -3/38      AC:  3    Str: 14 (15) XL:     5   Next: 79%
Magic:  0/8        EV: 12    Int: 13 (16) God:    Ru [......]
Gold:   111        SH:  0    Dex: 13 (15) Spells: 5/8 levels left

rFire   . . .      SeeInvis .   e - +0 dagger
rCold   . . .      Faith    .   (no shield)
rNeg    . . .      Spirit   .   a - +0 robe
rPois   .          Reflect  .   (no helmet)
rElec   .          Harm     .   l - +0 cloak
rCorr   .          Rampage  .   (no gloves)
Will    .....                   (no boots)
Stlth   +.........              (no amulet)
HPRegen 0.12/turn               m - +6 ring of strength
MPRegen 0.11/turn               (no ring)

@: confused, mighty, flying, hasted, very quick
A: demonic magic 1, demonic touch 2
a: Renounce Religion


You were on level 3 of the Dungeon.
You worshipped Ru.
Ru was noncommittal.
You visited 1 branch of the dungeon, and saw 3 of its levels.

You collected 111 gold pieces.

Inventory:

Hand Weapons
 e - a +0 dagger (weapon)
   (You took it off a kobold on level 1 of the Dungeon)
Missiles
 n - 8 poisoned darts
Armour
 a - a +0 robe (worn)
 l - a +0 cloak (worn)
   (You took it off Crazy Yiuf on level 2 of the Dungeon)
Jewellery
 m - a +6 ring of strength (left hand)
   (You found it on level 3 of the Dungeon)
Scrolls
 d - 2 scrolls of brand weapon {unknown}
 f - 2 scrolls of identify {unknown}
 g - a scroll of silence {unknown}
 h - a scroll of magic mapping {unknown}
 k - a scroll of enchant weapon {unknown}
 o - a scroll of acquirement {unknown}
Potions
 i - a potion of might


   Skills:
 + Level 2.0 Fighting
 + Level 1.7 Short Blades
 - Level 1.7 Dodging
 + Level 2.8 Stealth
 - Level 2.0 Spellcasting
 - Level 1.0 Conjurations
 * Level 4.7 Fire Magic


You had 5 spell levels left.
You knew the following spells:

 Your Spells              Type           Power      Damage    Failure   Level
a - Foxfire               Conj/Fire      32%        2x1d5     8%          1
b - Scorch                Fire           26%        2d6       5%          2

Your spell library contained the following spells:

 Spells                   Type           Power      Damage    Failure   Level
 Conjure Flame            Conj/Fire      8%         6-21      24%         3
 Inner Flame              Hex/Fire       7%         N/A       28%         3
 Flame Wave               Conj/Fire      8%         2d5       61%         4
 Animate Dead             Necr           0%         N/A       94%         4
 Borgnjor's Vile Clutch   Necr/Erth      0%         N/A       100%        5
 Death Channel            Necr           0%         N/A       100%        6


Dungeon Overview and Level Annotations

Branches:
Dungeon (3/15)

Altars:
Ru

Shops:
D:1 [

Annotations:
D:3 Jessica


Innate Abilities, Weirdness & Mutations

Spells you cast may paralyse adjacent enemies.
Your touch may inflict irresistible damage on your foes.


Message History

The helpless dart slug fails to defend itself.
You puncture the dart slug!
You kill the dart slug!
An adder comes into view.
An adder is nearby!
An adder is nearby!
You completely miss the adder. The adder bites you but does no damage.
The adder barely misses you.
Flames lash the adder.
The adder's fire resistance burns away.
Malevolent energies surge around you.
The adder suddenly stops moving!
The helpless adder fails to defend itself.
You puncture the adder!
You kill the adder!
An adder comes into view.
An adder is nearby!
An adder is nearby!
Flames lash the adder.
The adder's fire resistance burns away.
Malevolent energies surge around you.
The adder suddenly stops moving!
The helpless adder fails to defend itself.
You puncture the adder!
You kill the adder!
Found a plate armour.
Okay, then.
A bat comes into view.
A bat is nearby!
The kobold shouts!
You open the door.
Flames lash the kobold.
You kill the kobold!
Malevolent energies surge around you.
n - 8 poisoned darts
There is an open door here.
Things that are here:
a +0 whip; a kobold corpse A bat is nearby!
A bat is nearby!
The bat misses you. The bat barely misses you.
There is an open door here.
Things that are here:
a +0 whip; a kobold corpse You hit the bat but do no damage.
The bat misses you.
A bat is nearby!
The bat barely misses you.
You hit the bat. Your touch misses the bat. The bat barely misses you.
The bat misses you.
An endoplasm comes into view.
The bat misses you.
You barely miss the bat.
You touch the bat.
You kill the bat!
An endoplasm is nearby!
Found a scroll labelled IHARUT WIFAFI.
The helpless endoplasm fails to defend itself.
You puncture the endoplasm!
You kill the endoplasm!
No target in view!
You now have 102 gold pieces (gained 6).
f - 2 scrolls labelled IHARUT WIFAFI (gained 1)
o - a scroll labelled CEADWO LELE
d - 2 scrolls labelled DISTRY ZUZYA (gained 1)
You now have 111 gold pieces (gained 9).
An endoplasm comes into view.
An endoplasm is nearby!
The endoplasm quivers.
The endoplasm hits you.
You hit the endoplasm.
You touch the endoplasm.
You kill the endoplasm!
A quokka comes into view.
A quokka is nearby!
A quokka is nearby!
A bat comes into view.
Found a stone staircase leading down.
The quokka barely misses you. x2
You closely miss the quokka.
You touch the quokka.
The quokka bites you.
You hit the quokka.
You kill the quokka!
The orc shouts!
You hear a shout!
There are monsters nearby!
The orc hits you with a +0 hand axe.
You hit the orc but do no damage. Your touch misses the orc.
The orc closely misses you.
Flames lash the bat.
You kill the bat!
Malevolent energies surge around you.
You hear a shout! x2
The orc hits you with a +0 hand axe.
You closely miss the orc.
You miscast Scorch.
You are very lightly contaminated with residual magic.
Nothing appears to happen.
The orc barely misses you.
A kobold comes into view. It is wielding a +0 dagger.
The orc closely misses you.
You conjure some foxfire!
Malevolent energies surge around you. The orc hits you but does no damage.
The orc barely misses your foxfire.
You hit the orc.
The foxfire hits the orc but does no damage.
The foxfire hits the orc.
You kill the orc!
The orc priest looks braver for a moment.
Your Fighting skill increases to level 2!
You conjure some foxfire!
Malevolent energies surge around you.
You hit the kobold but do no damage. Your touch misses the kobold.
The foxfire hits the orc priest.
The foxfire hits the kobold but does no damage.
The kobold barely misses you.
Flames lash the kobold.
You kill the kobold!
Malevolent energies surge around you.
The orc wizard gestures at you while chanting.
The magic dart hits you!
The orc priest hits you with a +0 dagger.
Your magical contamination has completely faded away.
You conjure some foxfire!
Malevolent energies surge around you.
The orc priest hits you with a +0 dagger.
You barely miss the orc priest.
The foxfire hits the orc wizard but does no damage.
The foxfire hits the orc wizard.
The orc priest casts a cantrip, but nothing happens.
The orc wizard hits you with a +0 dagger.
* * * LOW HITPOINT WARNING * * *
The orc priest calls down the wrath of Beogh upon you.
Pain shoots through your body!
* * * LOW HITPOINT WARNING * * *
The orc wizard casts a spell at you.
You are confused.
It was a potion of might.
You feel very mighty all of a sudden.
The orc priest calls upon Beogh to heal the orc wizard.
The orc wizard's wounds heal themselves!
It was a potion of haste.
You feel yourself speed up.
The orc priest begins to cast a cantrip, but forgets the words!
It was a potion of degeneration.
There was something very wrong with that liquid.
You feel weakened.
You feel dopey.
You feel clumsy.
Unknown command.
It was a potion of flight.
You feel very buoyant.
You fly up into the air.
The orc wizard hits you with a +0 dagger.
* * * LOW HITPOINT WARNING * * *
Unknown command.
The orc priest begins to cast a cantrip, but forgets the words!
The orc wizard hits you but does no damage.
You're too confused to move!
Unknown command.
You puncture the orc wizard! The orc wizard casts a spell at you.
The puff of flame hits you!
You die...

#..# #. ... ## ... .###.###
#.# #......
##.####..#.####.
#........)......
#.....>.)#.##.##
#...###..#.##.###
###.####.oo.......
#.........@....###
#.#.8...8...8..#
#.#...#...#.....##
#.#..###.###.....#
#.#...#...#....... ..#
#.#.8...8...8....# #.#
#.#...#...#...#.#####.#
#.##.###.###..#.##....#####
#.....#...#...#.##.##......


You could see an orc priest and an orc wizard.

Vanquished Creatures
  Crazy Yiuf (D:2)
  Natasha (thrice) (D:2)
  3 gnolls
  5 adders
  A worm (D:2)
  2 dart slugs
  3 orcs (D:3)
  2 ball pythons
  5 endoplasms
  8 giant cockroaches
  A goblin (D:1)
  5 hobgoblins
  8 kobolds
  A quokka (D:3)
  4 bats
  2 frilled lizards
  A rat (D:1)
55 creatures vanquished.

Vanquished Creatures (others)
  65 foxfires
  A plant (D:2)
66 creatures vanquished.

Grand Total: 121 creatures vanquished

Notes
Turn   | Place    | Note
-------+----------+-------------------------------------------
     0 | D:1      | CryoSword the Demonspawn Fire Elementalist began the quest
                  | for the Orb.
     0 | D:1      | Reached XP level 1. HP: 13/13 MP: 3/3
   227 | D:1      | Reached skill level 3 in Fire Magic
   426 | D:1      | Gained mutation: Spells you cast may paralyse adjacent
                  | enemies. [demonic ancestry]
   426 | D:1      | Reached XP level 2. HP: 19/19 MP: 1/5
  1158 | D:1      | Learned a level 2 spell: Scorch
  1174 | D:1      | Found Jarghuhou's Antique Armour Shop.
  1396 | D:2      | Reached XP level 3. HP: 20/24 MP: 3/6
  1472 | D:2      | Found a faded altar of an unknown god.
  1953 | D:2      | Found a sacrificial altar of Ru.
  1987 | D:2      | Noticed Natasha
  1994 | D:2      | Killed Natasha
  1995 | D:2      | Reached skill level 4 in Fire Magic
  1995 | D:2      | Gained mutation: Your touch may inflict minor irresistible
                  | damage on your foes. [demonic ancestry]
  1995 | D:2      | Reached XP level 4. HP: 29/31 MP: 2/7
  2014 | D:2      | Became a worshipper of Ru the Awakened
  2113 | D:2      | Noticed Natasha
  2120 | D:2      | Killed Natasha
  2121 | D:2      | Reached skill level 1 in Fighting
  2142 | D:2      | Noticed Natasha
  2148 | D:2      | Killed Natasha
  2149 | D:2      | Reached skill level 1 in Short Blades
  2308 | D:2      | Found a runed translucent door.
  2309 | D:2      | Noticed Crazy Yiuf
  2494 | D:2      | Killed Crazy Yiuf
  2495 | D:2      | Gained mutation: Your touch may inflict irresistible damage
                  | on your foes. [demonic ancestry]
  2495 | D:2      | Reached XP level 5. HP: 37/37 MP: 3/8
  2632 | D:3      | Noticed Jessica
  3450 | D:3      | Killed from afar by an orc wizard

Illustrated notes

Levels and vault maps discovered:
D:1:      sevenhm_arrival_forest_fort_large_2, layout_basic, serial_shops,
          nicolae_diamond_shop, roderic_filled_cross, minmay_worlds_worst_comb
D:2:      layout_basic, chequers_ecumenical_altar_simple_redux, basic_altar,
          serial_bayou, serial_bayou_shore_b, serial_bayou_pond_e,
          serial_bayou_shore_a, serial_bayou_pond_e, uniq_natasha,
          uniq_crazy_yiuf_cottage
D:3:      layout_loops_ring, mainiacjoe_overflow_paths,
          minmay_misc_feat_four_crosses, corexii_shack, minmay_cupped,
          uniq_jessica

Skill      XL: |  1  2  3  4  5 |
---------------+----------------+-----
Fire Magic     | 3 4 |  4.7
Stealth        | 2 |  2.8
Fighting       | 1 2 |  2.0
Short Blades   | 1 |  1.7
Dodging        | |  1.7
Spellcasting   | |  2.0
Conjurations   | |  1.0

Action                   |  1- 3 |  4- 6 || total
-------------------------+-------+-------++-------
Melee: Unarmed           |     4 |       ||     4
       Short sword       |    22 |       ||    22
       Dagger            |    11 |    28 ||    39
       Touch             |       |     4 ||     4
 Cast: Foxfire           |    28 |     8 ||    36
       Scorch            |    11 |    21 ||    32
  Use: Potion            |       |     6 ||     6
 Stab: Paralysed         |     3 |    12 ||    15
       Sleeping          |     2 |     2 ||     4
       Distracted        |     1 |       ||     1
Armor: Robe              |    14 |     6 ||    20
Dodge: Dodged            |    28 |    29 ||    57
